 Dungeon Crawl Stone Soup version 0.29-a0-409-gd843f3a48c (webtiles) character file.

Game seed: 9489466078829748007

3339 trckry the Summoner (level 10, -6/44 HPs)
             Began as a Vine Stalker Summoner on May 13, 2022.
             Shot with a sling bullet by Joseph (18 damage)
             ... on level 8 of the Dungeon.
             The game lasted 00:28:29 (9670 turns).

trckry the Summoner (Vine Stalker Summoner)         Turns: 9670, Time: 00:28:30

Health: -6/44      AC:  6    Str: 13    XL:     10   Next: 2%
Magic:  0/21       EV: 12    Int: 19    God:
Gold:   423        SH:  0    Dex: 15    Spells: 13/23 levels left

rFire   . . .      SeeInvis .   n - +3 quarterstaff (chaos)
rCold   . . .      Faith    .   (shield currently unavailable)
rNeg    . . .      Spirit   +   a - +0 robe
rPois   .          Reflect  .   k - +0 helmet
rElec   .          Harm     .   H - +1 cloak of Tentacled Leaves {Str+2}
rCorr   .          Rampage  .   (no gloves)
Will    +....                   s - +0 pair of boots
Stlth   ++........              (no amulet)
HPRegen 0.94/turn               C - ring of flight
MPRegen 0.17/turn               (no ring)

@: flying
A: fangs 3, regeneration 1, magic shield, antimagic bite, no potion heal 2
a: no special abilities


You were on level 8 of the Dungeon.
You visited 2 branches of the dungeon, and saw 9 of its levels.
You also visited: Sewer.

You collected 507 gold pieces.
You spent 84 gold pieces at shops.

Inventory:

Hand Weapons
 n - a +3 quarterstaff of chaos (weapon)
 B - a +2 morningstar of protection
Missiles
 G - 11 poisoned darts (quivered)
 K - 4 throwing nets
Armour
 a - a +0 robe (worn)
 e - a +0 troll leather armour
 k - a +0 helmet (worn)
 o - +0 swamp dragon scales
 s - a +0 pair of boots (worn)
 H - the +1 cloak of Tentacled Leaves (worn) {Str+2}
   (You found it in a sewer)

   Str:       It affects your strength (+2).
Jewellery
 c - an amulet of faith
 C - a ring of flight (left hand)
Wands
 p - a wand of acid (16)
 I - a wand of flame (46)
 J - a wand of charming (14)
Scrolls
 h - 4 scrolls of teleportation
 i - a scroll of fog {unknown}
 j - a scroll of immolation {unknown}
 m - 2 scrolls of enchant weapon {unknown}
 t - 3 scrolls of vulnerability
 u - 3 scrolls of brand weapon
 v - 2 scrolls of torment {unknown}
 x - 2 scrolls of fear {unknown}
 y - 4 scrolls of amnesia
 z - a scroll of magic mapping {unknown}
 A - a scroll of poison {unknown}
Potions
 b - 2 potions of magic
 d - a potion of haste
 f - 2 potions of mutation
 g - a potion of ambrosia
 l - 3 potions of curing
 q - 2 potions of lignification
 r - a potion of flight {unknown}
 D - 2 potions of brilliance
 E - 3 potions of invisibility
 F - a potion of cancellation


   Skills:
 - Level 1.5 Dodging
 - Level 2.4 Stealth
 + Level 7.3 Spellcasting
 * Level 11.1 Summonings
 + Level 5.8 Air Magic


You had 13 spell levels left.
You knew the following spells:

 Your Spells              Type           Power      Damage    Failure   Level
a - Summon Small Mammal   Summ           100%       N/A       1%          1
b - Call Imp              Summ           49%        N/A       1%          2
c - Call Canine Familiar  Summ           49%        N/A       1%          3
d - Summon Lightning Spi  Summ/Air       39%        N/A       3%          4

Your spell library contained the following spells:

 Spells                   Type           Power      Damage    Failure   Level
 Summon Guardian Golem    Hex/Summ       28%        N/A       3%          3
 Beastly Appendage        Tmut           12%        N/A       10%         1
 Summon Ice Beast         Ice/Summ       28%        N/A       10%         4
 Sublimation of Blood     Necr           6%         N/A       16%         2
 Wereblood                Tmut           6%         N/A       16%         2
 Summon Mana Viper        Hex/Summ       28%        N/A       28%         5
 Frozen Ramparts          Ice            12%        1d3       30%         3
 Spider Form              Tmut/Pois      6%         N/A       30%         3
 Monstrous Menagerie      Summ           24%        N/A       65%         7
 Summon Hydra             Summ           24%        N/A       65%         7
 Ice Form                 Ice/Tmut       6%         N/A       69%         4
 Storm Form               Tmut/Air       9%         N/A       100%        7
 Maxwell's Capacitive Co  Air            14%        ∞         100%        8


Dungeon Overview and Level Annotations

Branches:
Dungeon (8/15)             Temple (1/1) D:4            Lair (0/6) D:8
  Sewer (visited)

Altars:
Ashenzari
Cheibriados
Dithmenos
Fedhas
Gozag
Kikubaaqudgha
Nemelex Xobeh
Okawaru
Sif Muna
Uskayaw
Vehumet
Wu Jian
Xom
Yredelemnul
Zin
The Shining One
Lugonu

Shops:
D:7 (*(

Annotations:
D:8 Joseph


Innate Abilities, Weirdness & Mutations

You have razor-sharp teeth.
Your natural rate of healing is unusually fast.
When hurt, damage is shared between your health and your magic reserves.
Your bite disrupts and absorbs the magic of your enemies.
Potions cannot restore your health.


Message History

Confirm with . or Enter, or press ? or * to list all spells.
An electric hum fills the air.
Joseph shoots a sling bullet.
The sling bullet hits you!
You take 12 damage, and have 32/44 hp.
MASSIVE DAMAGE!!
You now have 11/21 mp.
Casting: Summon Lightning Spire (dangerous; 3% risk of failure)
Confirm with . or Enter, or press ? or * to list all spells.
Joseph shoots a sling bullet.
The sling bullet hits you.
You now have 8/21 mp.
Joseph shoots a sling bullet.
The sling bullet barely misses your wolf.
The sling bullet closely misses you.
Your wolf barely misses Joseph.
Your wolf bites Joseph.
Joseph shoots a sling bullet.
The sling bullet barely misses your wolf.
The sling bullet hits you!!
You take 16 damage, and have 18/44 hp.
MASSIVE DAMAGE!!
You now have 4/21 mp.
Your wolf bites Joseph but does no damage.
Joseph shoots a sling bullet.
The sling bullet hits your wolf!
Your wolf closely misses Joseph. x2; Joseph shoots a sling bullet.
The sling bullet barely misses your wolf.
The sling bullet hits you!
* * * LOW HITPOINT WARNING * * *
You take 6 damage, and have 13/44 hp.
You now have 3/21 mp.
Your wolf bites Joseph. x2; Joseph unwields a +0 hunting sling.
Joseph wields the +8 dagger of the Sky {freeze, rC+ Will+ Int+2 Dex-5}.
It glows with a cold blue light!
Joseph misses your wolf.
Your wolf bites Joseph.
Your wolf bites Joseph.
Joseph unwields the +8 dagger of the Sky {freeze, rC+ Will+ Int+2 Dex-5}.
Joseph wields a +0 hunting sling.
Joseph shoots a sling bullet.
The sling bullet misses your wolf. The sling bullet hits you!
* * * LOW HITPOINT WARNING * * *
Your wolf closely misses Joseph.
You take 5 damage, and have 10/44 hp.
You now have 2/21 mp.
Your wolf barely misses Joseph.
Joseph shoots a sling bullet.
The sling bullet hits your wolf!
Your wolf dies!
Your wolf's corpse disappears in a puff of smoke!
Joseph shoots a sling bullet.
The sling bullet hits you!!
You die...

..####..# #. #.#..... ..
#.#....# .
#......##.##.#....#.#
##......##.##......#.#####
.........># #(^..........
#......##.# #.8...#.....
#......##.# #....§@.)....
####......##.#
#@##.#.###...
...#.......#.# #.##.#.#
...#...#'#.#.###.##.#.#
.....#.h_'.#..##..#.#.####
...#.###'####.##.........<.
...#.##..# #..#....#.#####
####.##.######h#.#..#...
#.#...........#..# ###
#.#...........##...


You could see Joseph (ally target) and a friendly lightning spire (summoned).

Vanquished Creatures
  A wyvern (D:8)
  Menkaure (D:5)
  A black bear (D:4)
  4 wolves
  A scorpion (D:6)
  4 howler monkeys
  2 hounds
  2 orc priests
  6 iguanas
  2 orc wizards
  An adder (D:5)
  A river rat (D:5)
  2 worms
  A dart slug (D:3)
  11 orcs
  6 ball pythons
  7 endoplasms
  3 giant cockroaches
  2 goblins
  4 hobgoblins
  A bat (D:3)
  2 frilled lizards
  10 kobolds
  5 rats
80 creatures vanquished.

Vanquished Creatures (collateral kills)
  Maggie (D:6)
  A troll (D:8)
  A hornet (D:7)
  Sigmund (D:2)
  A steam dragon (D:6)
  A phantom (D:7)
  A kobold brigand (Sewer)
  A necrophage (D:7)
  A bullfrog (D:8)
  A gnoll sergeant (D:8)
  3 wights (D:7)
  2 howler monkeys (D:8)
  2 electric eels (D:8)
  2 hounds
  An orc priest (D:8)
  Crazy Yiuf (D:2)
  Jessica (D:2)
  Natasha (twice) (D:3)
  An orc wizard (D:6)
  Robin (D:2)
  5 gnolls (D:8)
  2 adders (D:2)
  A shadow imp (D:8)
  3 dart slugs
  12 orcs
  11 endoplasms
  2 giant cockroaches (D:1)
  12 goblins
  2 hobgoblins
  6 kobolds
  4 quokkas
  3 training dummies (D:7)
  5 ball pythons
  3 bats
  2 frilled lizards
  3 rats
102 creatures vanquished.

Grand Total: 182 creatures vanquished

Notes
Turn   | Place    | Note
-------+----------+-------------------------------------------
     0 | D:1      | trckry the Vine Stalker Summoner began the quest for the
                  | Orb.
     0 | D:1      | Reached XP level 1. HP: 9/9 MP: 4/4
   284 | D:1      | Reached XP level 2. HP: 13/13 MP: 1/6
   287 | D:1      | Learned a level 2 spell: Call Imp
  1068 | D:1      | Reached XP level 3. HP: 16/16 MP: 4/7
  1073 | D:1      | Learned a level 3 spell: Call Canine Familiar
  1297 | D:1      | Reached skill level 5 in Summonings
  1686 | D:2      | Noticed Jessica
  1692 | D:2      | Killed Jessica
  1745 | D:2      | Gained mutation: Your natural rate of healing is unusually
                  | fast. [Vine Stalker growth]
  1745 | D:2      | Reached XP level 4. HP: 21/21 MP: 8/8
  1769 | D:2      | Noticed Robin
  1782 | D:2      | Killed Robin
  2076 | D:2      | Found a runed translucent door.
  2077 | D:2      | Noticed Crazy Yiuf
  2101 | D:2      | Killed Crazy Yiuf
  2102 | D:2      | Reached XP level 5. HP: 24/24 MP: 1/10
  2474 | D:2      | Noticed Sigmund
  2515 | D:2      | Killed Sigmund
  2516 | D:2      | Reached skill level 6 in Summonings
  2516 | D:2      | Reached XP level 6. HP: 28/28 MP: 4/12
  3069 | D:3      | Noticed Natasha
  3091 | D:3      | Killed Natasha
  3370 | D:3      | Noticed Natasha
  3380 | D:3      | Killed Natasha
  3381 | D:3      | Reached skill level 7 in Summonings
  4158 | D:4      | Learned a level 4 spell: Summon Lightning Spire
  4637 | D:4      | Reached XP level 7. HP: 32/32 MP: 14/14
  4787 | D:4      | Reached skill level 1 in Air Magic
  4875 | D:4      | Found a staircase to the Ecumenical Temple.
  4889 | Temple   | Entered the Ecumenical Temple
  5576 | D:5      | Entered Level 5 of the Dungeon
  5634 | D:5      | Noticed Menkaure
  5654 | D:5      | Killed Menkaure
  5859 | D:5      | Found a snail-covered altar of Cheibriados.
  6152 | D:5      | Reached skill level 8 in Summonings
  6285 | D:6      | Gained mutation: You have razor-sharp teeth. [Vine Stalker
                  | growth]
  6285 | D:6      | Reached XP level 8. HP: 23/36 MP: 7/16
  6342 | D:6      | Found a hide-covered altar of Uskayaw.
  6345 | D:6      | Found a glowing drain.
  6359 | Sewer    | Entered a sewer
  6448 | Sewer    | Reached skill level 5 in Spellcasting
  6526 | Sewer    | Identified the +1 cloak of Tentacled Leaves {Str+2}
  7007 | D:6      | Noticed Maggie
  7150 | D:6      | Killed Maggie
  7151 | D:6      | Reached skill level 9 in Summonings
  7338 | D:6      | Found an opulent altar of Gozag.
  7358 | D:6      | Found a broken altar of Ashenzari.
  7674 | D:7      | Found Zin's Purification Station.
  7680 | D:7      | Found a glowing silver altar of Zin.
  7694 | D:7      | Reached XP level 9. HP: 39/39 MP: 17/19
  7812 | D:7      | Found Ginwin's Weapon Shoppe.
  8189 | D:7      | Noticed a hornet
  8202 | D:7      | Killed a hornet
  8203 | D:7      | Reached skill level 10 in Summonings
  8334 | D:7      | Noticed a gargoyle
  8525 | D:7      | Found Iwud's Firing Range.
  8558 | D:7      | Bought a throwing net for 42 gold pieces
  8558 | D:7      | Bought a throwing net for 42 gold pieces
  8613 | D:8      | Noticed Joseph
  8687 | D:8      | Found a radiant altar of Vehumet.
  8761 | D:8      | Reached skill level 5 in Air Magic
  9217 | D:8      | Noticed a troll
  9230 | D:8      | Killed a troll
  9349 | D:8      | Reached skill level 11 in Summonings
  9377 | D:8      | Found a staircase to the Lair.
  9384 | D:8      | Reached XP level 10. HP: 17/44 MP: 6/21
  9619 | D:8      | Found an iron altar of Okawaru.
  9651 | D:8      | Identified the +8 dagger of the Sky {freeze, rC+ Will+
                  | Int+2 Dex-5}
  9670 | D:8      | Shot with a sling bullet by Joseph

Illustrated notes

Levels and vault maps discovered:
D:1:      dpeg_arrival_orchard, layout_basic, hangedman_decor_growths
D:2:      layout_basic, uniq_crazy_yiuf_cottage, uniq_jessica, uniq_sigmund,
          uniq_robin
D:3:      layout_basic, minmay_randomly_rotated_circles, uniq_natasha
D:4:      layout_layer_cave, lemuel_temple_firewalk_a, minmay_puff
D:5:      layout_loops_ring, mainiacjoe_overflow_cross_hatched, uniq_menkaure
D:6:      layout_loops_cross, marbit_many_paths, general_overflow_altar,
          eat_drink_and_be_merry_uskayaw, cheibrodos_sewer_entry_drain,
          uniq_maggie
D:7:      layout_basic, zin_purify, serial_shops, shop,
          chequers_serial_rivers_room_b, nicolae_shop_firing_range
D:8:      layout_basic, nicolae_overflow_crystal_walls, kennysheep_mini,
          mainiacjoe_overflow_catch_the_wave, erik_lair_island, serial_shops,
          kennysheep_mini_moat, uniq_joseph
Temple:   corrupted_temple

Skill      XL: |  1  2  3  4  5  6  7  8  9 |
---------------+----------------------------+-----
Summonings     | 5 6 7 8 9 11 | 11.1
Spellcasting   | 3 4 6 7 |  7.3
Air Magic      | 2 4 5 |  5.8
Dodging        | |  1.5
Stealth        | |  2.4

Action                   |  1- 3 |  4- 6 |  7- 9 | 10-12 || total
-------------------------+-------+-------+-------+-------++-------
Melee: Quarterstaff      |       |    39 |   167 |       ||   206
       Bite              |       |     9 |    39 |       ||    48
 Cast: Summon Small Mamm |    45 |       |       |       ||    45
       Call Imp          |     6 |     5 |       |       ||    11
       Call Canine Famil |     1 |    16 |    39 |     2 ||    58
       Summon Lightning  |       |       |     7 |     2 ||     9
  Use: Scroll            |       |       |    14 |       ||    14
 Stab: Sleeping          |       |     7 |     6 |       ||    13
       Distracted        |       |       |     6 |       ||     6
Armor: Robe              |     4 |    10 |    51 |       ||    65
Dodge: Dodged            |    17 |    23 |   122 |     2 ||   164

Table legend: (Time is in decaauts)
 A = Elapsed time spent in this place.
 B = Non-inter-level travel time spent in this place.
 C = Inter-level travel time spent in this place.
 D = Time resting spent in this place.
 E = Time spent auto-exploring this place.
 F = Levels seen in this place.
 G = Mean time per level.
                   A        B        C        D        E       F      G
               +--------+--------+--------+--------+--------+-----+--------+
         Total |   9735 |   9488 |    247 |    138 |   7098 |  10 |  973.5 |
       Dungeon |   9430 |   9183 |    247 |    138 |   6937 |   8 | 1178.8 |
        Temple |     47 |     47 |      0 |      0 |     25 |   1 |   47.0 |
         Sewer |    256 |    256 |      0 |      0 |    136 |   1 |  256.0 |
               +--------+--------+--------+--------+--------+-----+--------+

Top non-repeatable levels by time:
     D:1: 1684 daAuts
     D:4: 1386 daAuts
     D:7: 1336 daAuts
     D:3: 1283 daAuts
     D:2: 1190 daAuts
     D:6: 981 daAuts
     D:8: 863 daAuts
     D:5: 705 daAuts
   Sewer: 256 daAuts
  Temple: 47 daAuts
